 Dungeon Sprint DCSS version 0.22.1-1-ga44c0e56f4 (webtiles) character file.

30 Eralyen the Covert (level 3, -18/16 HPs)
             Began as a Spriggan Enchanter on Sept 20, 2018.
             Demolished by an ogre
             ... wielding a +0 giant spiked club
              (26 damage)
             ... in the Dungeon (Sprint I: "Red Sonja").
             The game lasted 00:00:16 (24 turns).

Eralyen the Covert (Spriggan Enchanter)               Turns: 24, Time: 00:00:17

Health: -18/16     AC:  2    Str:  4    XL:     3   Next: 3%
Magic:  8/8        EV: 18    Int: 16    God:
Gold:   0          SH:  0    Dex: 17    Spells: 6/7 levels left

rFire    . . .     SeeInvis +   a - +1 dagger
rCold    . . .     Gourm    .   (shield restricted)
rNeg     . . .     Faith    .   b - +0 robe
rPois    .         Spirit   .   (helmet restricted)
rElec    .         Reflect  .   (no cloak)
rCorr    .         Harm     .   (gloves unavailable)
MR       .....     NoTele   +   (boots unavailable)
Stlth    +++++.....             (no amulet)
HPRegen  0.05/turn              (no ring)
MPRegen  0.11/turn              (no ring)

@: very quick
A: very small, unfitting armour, see invisible, herbivore, speed 3, slow
metabolism 2
a: no special abilities


You were in the Dungeon.
You were not hungry.

You visited 1 branch

Inventory:

Hand Weapons
 a - a +1 dagger (weapon)
Armour
 b - a +0 robe (worn)
Scrolls
 j - a scroll of blinking
Potions
 e - a potion of curing
 f - a potion of heal wounds
 g - a potion of haste
 h - 2 potions of magic
 i - a potion of berserk rage
Comestibles
 d - a ration


   Skills:
 - Level 1.1 Short Blades
 - Level 3.0 Dodging
 + Level 10.4 Stealth
 - Level 2.6 Spellcasting
 - Level 3.6 Hexes


You had 6 spell levels left.
You knew the following spells:

 Your Spells              Type           Power        Failure   Level  Hunger
a - Corona                Hex            ##.....      4%          1    #......

Your spell library contained the following spells:

 Spells                   Type           Power        Failure   Level  Hunger
 Confuse                  Hex            ##......     13%         3    ###....
 Tukima's Dance           Hex            ##......     13%         3    ###....
 Ensorcelled Hibernation  Hex/Ice        #.....       14%         2    ##.....
 Dazzling Spray           Conj/Hex       #.....       28%         3    ###....


Dungeon Overview and Level Annotations

Branches:
Dungeon (1/1)

Altars:
Sif Muna
Vehumet
Wu Jian

Annotations:
D Ijyb, Sigmund


Innate Abilities, Weirdness & Mutations

You are very small and have problems with some larger weapons.
You are too small for most types of armour.
You have supernaturally acute eyesight. (SInv)
You are a herbivore.
You cover ground extremely quickly.
You need to consume almost no food.


Message History

There is an open door here.
Found a radiant altar of Vehumet.
You see here a war axe.
You see here a wand of digging (10).
There is an ornate altar of the Wu Jian Council here.
The helpless jelly fails to defend itself.
You puncture the jelly!
You kill the jelly!
Your Stealth skill gained 6 levels and is now at level 10!
You have reached level 2!
You have reached level 3!
Your experience leads to an increase in your attributes!
Increase (S)trength, (I)ntelligence, or (D)exterity?
You feel agile.
Memorise Ensorcelled Hibernation, consuming 2 spell levels and leaving 4?
You start memorising the spell.
You continue memorising.
The ogre hits you with a giant spiked club!!
Your memorisation is interrupted.
Ouch! That really hurt!
You die...

################
#<.#..'..#.@'$$#
#..'..#..g..#$$+
#..#####+#####'#
#..# #@# #..#
##/# #..# #+#O.+
#⌠⌠# +.@._# ####
#_.#+# ##+#


You could see Sigmund (invisible) and an ogre.

Vanquished Creatures
  A jelly (D)
1 creature vanquished.

Notes
Turn   | Place    | Note
-------+----------+-------------------------------------------
     0 | D        | Eralyen the Spriggan Enchanter began the quest for the Orb.
     0 | D        | Reached XP level 1. HP: 9/9 MP: 5/5
     2 | D        | Noticed Ijyb
     6 | D        | Noticed an ogre
    10 | D        | Noticed Sigmund
    16 | D        | Found a deep blue altar of Sif Muna.
    17 | D        | Found an ornate altar of the Wu Jian Council.
    17 | D        | Noticed a jelly
    18 | D        | Found a radiant altar of Vehumet.
    22 | D        | Killed a jelly
    22 | D        | Reached skill level 10 in Stealth
    22 | D        | Reached XP level 2. HP: 6/13 MP: 6/6
    22 | D        | Reached XP level 3. HP: 7/16 MP: 8/8
    24 | D        | Demolished by an ogre

Skill      XL: |  1 |
---------------+----+-----
Stealth        | 10 | 10.4
Short Blades   | |  1.1
Dodging        | |  3.0
Spellcasting   | |  2.6
Hexes          | |  3.6

Action                   || total
-------------------------++-------
Melee: Dagger            ||     1
 Stab: Sleeping          ||     1
Dodge: Dodged            ||     2
